AoeStats
← kable.xpress

QS Arena

503309463Analyzed
1v1 RM · 1mo ago on Aug 31, 2026· 26m 29s· 2 players
Game mode
Random Map
Map size
Tiny (2 player)
Population
200
Speed
Normal
Resources
Standard
Victory
Conquest
Starting age
Dark Age
Ending age
Imperial Age
RankedLock teamsTeams togetherTeam positionsShared explorationLock speedFull tech treeHidden civsTurbo modeCheats
Victory
Defeat
🇨🇳 Poles · China
2257
+12
🇦🇷 Bulgarians · Argentina
2160
-12
kable.xpress
4:04 Loom
8:00 Feudal Age
12:25 Castle Age
11:08 Fletching
13:10 Bodkin Arrow
夏天九号
8:20 Feudal Age
12:00 Castle Age
9:49 Double-Bit Axe
10:08 Horse Collar
12:53 Heavy Plow
12:47 Loom
18:20 Fletching
24:52 Imperial Age
22:29 Fletching
23:50 Bodkin Arrow
25:00 Scale Mail Armor
25:45 Squires
Connection lost

Rejoining the realm…

Still unreachable

The connection could not be restored.

Session expired

The server has moved on; the page needs a fresh start.